 Dungeon Crawl Stone Soup version 0.23-a0-622-g59b4ea9 (webtiles) character file.

18 Lavandula the Sneak (level 2, -2/17 HPs)
             Began as a Halfling Enchanter on Dec 23, 2018.
             Slain by Grinder (7 damage)
             ... while paralysed by Grinder
             ... on level 3 of the Dungeon.
             The game lasted 00:01:33 (401 turns).

Lavandula the Sneak (Halfling Enchanter)             Turns: 401, Time: 00:01:34

Health: -2/17      AC:  3    Str:  9    XL:     2   Next: 90%
Magic:  4/4        EV:  3    Int: 13    God:
Gold:   80         SH:  0    Dex: 14    Spells: 1/4 levels left

rFire    x . .     SeeInvis .   a - +1 dagger
rCold    + . .     Gourm    .   (shield restricted)
rNeg     . . .     Faith    .   b - +0 robe
rPois    .         Spirit   .   (no helmet)
rElec    .         Reflect  .   (no cloak)
rCorr    .         Harm     .   (no gloves)
MR       .....                  h - +0 pair of boots
Stlth    ++........             (no amulet)
HPRegen  0.05/turn              f - ring of ice
MPRegen  0.09/turn              (no ring)

@: paralysed
A: small, mutation resistance 1
a: no special abilities


You were on level 3 of the Dungeon.
You were not hungry.

You visited 1 branch of the dungeon, and saw 3 of its levels.

You collected 80 gold pieces.

Inventory:

Hand Weapons
 a - a +1 dagger (weapon)
 i - a +0 hunting sling
Armour
 b - a +0 robe (worn)
 h - a +0 pair of boots (worn)
Jewellery
 f - a ring of ice (left hand)
Potions
 c - a potion of haste {unknown}
 e - a potion of might {unknown}
 g - a potion of degeneration {unknown}
Comestibles
 d - 2 rations


   Skills:
 + Level 3.2 Short Blades
 - Level 2.1 Dodging
 - Level 3.2 Stealth
 - Level 1.5 Spellcasting
 - Level 2.4 Hexes


You had one spell level left.
You knew the following spells:

 Your Spells              Type           Power        Failure   Level  Hunger
a - Corona                Hex            #......      10%         1    ##.....
b - Ensorcelled Hibernat  Hex/Ice        #.....       24%         2    ###....

Your spell library contained the following spells:

 Spells                   Type           Power        Failure   Level  Hunger
 Confuse                  Hex            #.......     30%         3    ####...
 Tukima's Dance           Hex            #.......     30%         3    ####...
 Dazzling Spray           Conj/Hex       #.....       43%         3    ####...


Dungeon Overview and Level Annotations

Branches:
Dungeon (3/15)

Altars:

Annotations:
D:3 Grinder


Innate Abilities, Weirdness & Mutations

You are small and have problems with some larger weapons.
You are somewhat resistant to further mutation.


Message History

Found 14 gold pieces.
There is a stone staircase leading up here.
You see here 14 gold pieces.
The helpless frilled lizard fails to defend itself.
You puncture the frilled lizard!
You kill the frilled lizard!
You now have 68 gold pieces (gained 14).
You now have 80 gold pieces (gained 12).
Grinder comes into view.
Grinder gestures at you.
You suddenly lose the ability to move!
Grinder gestures at you. Pain shoots through your body!
Ouch! That really hurt!
* * * LOW HITPOINT WARNING * * *
Grinder gestures at you.
You shrug off the repeated paralysis!
Grinder hits you but does no damage. Grinder hits you!
You die...

##### #####%#.#
#..5@.#.#
#.###.#.### #.#...
#.#.#######
#.......... #
###.######
#.#####.#
###.......######
......†...<.......


You could see Grinder.

Vanquished Creatures
  An adder (D:2)
  3 bats
  2 goblins (D:1)
  2 frilled lizards
  2 kobolds
10 creatures vanquished.

Notes
Turn   | Place    | Note
-------+----------+-------------------------------------------
     0 | D:1      | Lavandula the Halfling Enchanter began the quest for the
                  | Orb.
     0 | D:1      | Reached XP level 1. HP: 11/11 MP: 3/3
    42 | D:2      | Reached XP level 2. HP: 17/17 MP: 4/4
    58 | D:2      | Learned a level 2 spell: Ensorcelled Hibernation
   395 | D:3      | Noticed Grinder
   396 | D:3      | Paralysed by Grinder for 7 turns
   401 | D:3      | Slain by Grinder

Vault maps used:
D:1:      eino_arrival_tree_alley
D:3:      kennysheep_slug_shrine, marbit_many_paths, first_ration,
          yredelemnul_altar_generic, uniq_jessica, uniq_grinder

Skill      XL: |  1  2 |
---------------+-------+-----
Short Blades   | 2 3 |  3.2
Dodging        | |  2.1
Stealth        | |  3.2
Spellcasting   | |  1.5
Hexes          | |  2.4

Action                   || total
-------------------------++-------
Melee: Dagger            ||    32
 Cast: Corona            ||     3
 Stab: Sleeping          ||     3
Armor: Robe              ||     8
Dodge: Dodged            ||    30

Table legend:
 A = Non-vault XP
 B = Vault XP
 C = Vault XP percentage of total XP
 D = Non-vault monster count
 E = Vault monster count
 F = Vault count percentage of total count
                 A         B        C        D         E       F
            +---------+---------+-------+---------+---------+-------
      Total |      27 |       0 |   0.0 |      10 |       0 |   0.0
            +---------+---------+-------+---------+---------+-------
        D:1 |       9 |       0 |   0.0 |       5 |       0 |   0.0
        D:2 |      17 |       0 |   0.0 |       4 |       0 |   0.0
        D:3 |       1 |       0 |   0.0 |       1 |       0 |   0.0
            +---------+---------+-------+---------+---------+-------
